Cogmind - Beta 16 @@@ ROGUE MODE // 2025.11.14 @ 12:21:04 Player: Scringis Result: Destroyed by CU-Z6I(R) with Subdweller Beam Cannon Performance ------------- Evolutions (0) 0 Regions Visited (2) 400 Robots Destroyed (15) 75 Value Destroyed (413) 413 Prototype IDs (0) 0 Alien Tech Used (0) 0 Bonus (0) 0 TOTAL SCORE: 888 Bonus ------- None Cogmind --------- Core Integrity 0/250 Matter 260/300 Energy 100/100 System Corruption 0% Temperature Cool (9) Movement Core (150) Ox2 Location -10/Subcaves Parts ------- > --- POWER (1) -------- (None) > --- PROPULSION (2) --- (None) > --- UTILITY (2) ------ Small Storage Unit > --- WEAPON (2) ------- Assault Rifle > --- INVENTORY (8) ---- Ion Engine Medium Battery (150) Assault Rifle Light Assault Rifle Peak State ------------ > --- POWER ------------ Ion Engine > --- PROPULSION ------- Light Treads Light Treads > --- UTILITY ---------- Small Storage Unit Light Armor Plating > --- WEAPON ----------- Assault Rifle Assault Rifle > --- INVENTORY -------- Ion Engine [Rating: 7] Favorites ----------- Power Ion Engine Engine Ion Engine Propulsion Light Treads Treads Light Treads Utility Small Storage Unit Device Structural Scanner Storage Small Storage Unit Protection Light Armor Plating Weapon Assault Rifle Energy Gun EM Pulse Gun Ballistic Gun Assault Rifle Launcher Grenade Launcher Build | -11 -10 -10 ------- Run | Yrd Mat Sub Slots Evolved . | . . . Power . | . . . Propulsion . | . . . Utility . | . . . Weapon . | . . . Parts Attached 13 | 6 5 2 Power 2 | 1 1 . Engine 2 | 1 1 . Core . | . . . Reactor . | . . . Propulsion 2 | 2 . . Treads 2 | 2 . . Leg . | . . . Wheel . | . . . Hover . | . . . Flight . | . . . Utility 3 | 1 1 1 Device 1 | . . 1 Storage 1 | 1 . . Processor . | . . . Hackware . | . . . Protection 1 | . 1 . Artifact . | . . . Weapon 6 | 2 3 1 Energy Gun 2 | . 2 . Energy Cannon . | . . . Ballistic Gun 3 | 2 1 . Ballistic Cannon . | . . . Launcher 1 | . . 1 Special Weapon . | . . . Impact Weapon . | . . . Slashing Weapon . | . . . Piercing Weapon . | . . . Special Melee Weapon . | . . . Unidentified Prototypes . | . . . Parts Lost 9 | . 4 5 Power 2 | . 1 1 Propulsion 2 | . . 2 Utility 2 | . 1 1 Weapon 3 | . 2 1 Highest Loss Streak 5 | . 2 5 To Critical Strikes . | . . . Average Backups 3 | 1 3 4 Power . | . 1 1 Propulsion . | . . . Utility 1 | . 1 1 Weapon 1 | . 1 2 Tool/Special . | . . . Unused Backups 3 | . 1 2 Power 1 | . . 1 Propulsion . | . . . Utility 2 | . 1 1 Weapon . | . . . Tool/Special . | . . . Average Slot Usage (%) 94 | . 95 88 Engine 13 | . 13 12 Treads 27 | . 28 26 Storage 14 | . 14 14 Protection 8 | . 9 . Energy Gun 4 | . 4 . Ballistic Gun 23 | . 23 25 Peak Build Rating 7 | 6 7 7 Average Rating 6 | 4 6 6 On Entrance 4 | . 6 6 Avg Prop Armor Cover (%) . | . . . Naked Turns . | . . . Heaviest Build 17 | 14 17 14 Greatest Support 40 | 40 40 40 Greatest Overweight (x) . | . . . Average Overweight (x) . | . . . Largest Inventory Capacity 8 | 8 8 8 Average Capacity 7 | 6 8 8 Most Carried 5 | 3 5 5 Average Carried 3 | 1 3 4 Final Capacity 8 | 8 8 8 Final Carried 5 | 1 5 4 Class Distribution -------------------- 100% | Mutant Dominant Class ---------------- Mutant | -10/Materials Mutant | -10/Subcaves Resources | -11 -10 -10 ----------- Run | Yrd Mat Sub Matter Collected 460 | 252 208 . Remotely . | . . . Salvage Created 609 | . 609 . Parts 33 | . 33 . Haulers Intercepted 2 | . 2 . Recyclers Shooed . | . . . Parts Field Recycled . | . . . Retrieved Matter . | . . . Parts Self-Destructed . | . . . Prevented . | . . . Parts Restored . | . . . Kills | -11 -10 -10 ------- Run | Yrd Mat Sub Combat Hostiles Destroyed 13 | . 13 . Guns 11 | . 11 . AOE 2 | . 2 . Classes Destroyed 3 | . 3 . Hauler 2 | . 2 . Swarmer 3 | . 3 . Grunt 10 | . 10 . Best Kill Streak 4 | . 4 . Combat Bots Only 4 | . 4 . Max Kills in Single Turn 1 | . 1 . Gunslinging . | . . . Exploded 1 | . 1 . Melee . | . . . Uniques/NPCs Destroyed . | . . . Combat | -11 -10 -10 -------- Run | Yrd Mat Sub Hostile Shots Fired 102 | . 88 14 Missed 22 | . 21 1 Hits 80 | . 67 13 Projectile 80 | . 67 13 Critical Strikes 1 | . . 1 Damage Taken 1144 | . 783 361 Core 276 | . 169 107 Absorbed by Shields . | . . . Core Remaining (%) 100 | 100 . . Volleys Fired 51 | . 46 5 Largest 2 | . 2 2 Hottest 60 | . 60 50 Shots Fired 99 | . 91 8 Gun 96 | . 91 5 Cannon . | . . . Launcher 3 | . . 3 Special . | . . . Kinetic 73 | . 68 5 Thermal . | . . . Explosive 3 | . . 3 Electromagnetic 23 | . 23 . Robot Hit Streak 11 | . 11 . Robot Miss Streak 3 | . 3 . Penetration Max . | . . . Secondary Targets 2 | . 2 . Max Gunslinging Chain 1 | . 1 . Shots Hit Robots 67 | . 67 . Core Hits 31 | . 27 4 Critical Kills . | . . . Critical Parts Destroyed . | . . . Critical Strikes . | . . . Melee Attacks . | . . . Impact . | . . . Slashing . | . . . Piercing . | . . . Sneak Attacks . | . . . Combat Hostiles . | . . . Follow-up Attacks . | . . . Damage Inflicted 1042 | . 965 77 Guns 796 | . 796 . Cannons . | . . . Explosions 230 | . 153 77 Melee . | . . . Ramming 16 | . 16 . Kinetic 571 | . 571 . Thermal 153 | . 153 . Explosive 77 | . . 77 Electromagnetic 225 | . 225 . Impact . | . . . Slashing . | . . . Piercing . | . . . Highest Corruption . | . . . Average Corruption . | . . . Corruption Purged . | . . . Corruption Blocked . | . . . Overload Shots . | . . . Overflow Damage . | . . . Projectiles . | . . . Explosions . | . . . Melee . | . . . Knockbacks . | . . . Impact . | . . . Kinetic . | . . . Secondary . | . . . Self-Inflicted Damage 102 | . 72 30 Shots 3 | . 2 1 Rammed 5 | . 5 . Targets Rammed 5 | . 5 . Kicked . | . . . Crushed . | . . . Highest Temperature 219 | . 219 . Average Temperature 50 | . 50 . Received Heat Transfer 348 | . 276 72 Siege Activations . | . . . Martial Activations . | . . . Shielding Activations . | . . . Robots Disrupted . | . . . Combat Hostiles . | . . . Robots Corrupted . | . . . Combat Hostiles . | . . . Parts Fried . | . . . Impact Corruptions . | . . . Robots Melted . | . . . Combat Hostiles . | . . . Parts Melted . | . . . Heat Transferred 150 | . 150 . Parts Sabotaged . | . . . Parts Stolen . | . . . Parts Stripped . | . . . Power Chain Reactions 3 | . 3 . Alert | -11 -10 -10 ------- Run | Yrd Mat Sub Maximum Alert Level . | . . . Low Security (%) 100 | 100 100 . Level 1 . | . . . Level 2 . | . . . Level 3 . | . . . Level 4 . | . . . Level 5 . | . . . High Security . | . . . Max Security . | . . . Peak Influence 155 | . 155 . Initial . | . . . Average 33 | . 35 . Influence Increases 348 | . 348 . Destroy 0b10 Robot/C 260 | . 260 . Destroy 0b10 Robot/NC 10 | . 10 . Destroy Leader 64 | . 64 . Destroy Structure 14 | . 14 . Influence Decreases 348 | . 348 . Time Decay 308 | . 308 . Lost Part 40 | . 40 . Squads Dispatched 2 | . 2 . Investigation 1 | . 1 . Extermination . | . . . Reinforcement 1 | . 1 . Assault . | . . . Garrison . | . . . Intercept . | . . . Searches Triggered . | . . . Construction Impeded . | . . . Haulers Reinforced . | . . . Active Scanning Responses . | . . . Cargo Convoy Interrupts . | . . . Stealth | -11 -10 -10 --------- Run | Yrd Mat Sub Distress Signals 1 | . 1 . Communications Jammed . | . . . Distress Signals . | . . . Times Spotted 32 | . 30 2 Peak Tracking Total 5 | . 5 2 Tactical Retreats . | . . . Traps | -11 -10 -10 ------- Run | Yrd Mat Sub Traps Triggered 1 | . 1 . Indirectly . | . . . Trap Hack Attempts . | . . . Triggered . | . . . Disarmed . | . . . Reprogrammed . | . . . Reused . | . . . Traps Extracted . | . . . Installed . | . . . Triggered . | . . . Machines | -11 -10 -10 ---------- Run | Yrd Mat Sub Machines Disabled . | . . . Max in Single Turn . | . . . Machines Repaired . | . . . Machines Dismantled . | . . . Machines Sabotaged . | . . . Overloaded Fab Kills . | . . . Hacking | -11 -10 -10 --------- Run | Yrd Mat Sub Machines Accessed . | . . . Terminals . | . . . Fabricators . | . . . Repair Stations . | . . . Recycling Units . | . . . Scanalyzers . | . . . Garrison Access . | . . . Total Hacks . | . . . Successful . | . . . Failed . | . . . Catastrophic . | . . . Database Lockouts . | . . . Manual . | . . . Terminals . | . . . Fabricators . | . . . Repair Stations . | . . . Recycling Units . | . . . Scanalyzers . | . . . Garrison Access . | . . . Terminal Hacks . | . . . Fabricator Hacks . | . . . Repair Station Hacks . | . . . Recycling Unit Hacks . | . . . Scanalyzer . | . . . Garrison Access Hacks . | . . . Unauthorized Hacks . | . . . Terminals . | . . . Fabricators . | . . . Repair Stations . | . . . Recycling Units . | . . . Scanalyzers . | . . . Garrison Access . | . . . Data Cores Recovered . | . . . Used . | . . . Hacking Detections . | . . . Full Trace Events . | . . . Feedback Events . | . . . Feedback Blocked . | . . . Robot Schematics Acquired . | . . . Robots Built . | . . . Authchips . | . . . Time . | . . . Total Robot Build Rating . | . . . Part Schematics Acquired . | . . . Parts Built . | . . . Authchips . | . . . Time . | . . . Total Part Build Rating . | . . . Part Studies Acquired . | . . . Parts Repaired . | . . . Time . | . . . Parts Recycled . | . . . Recycled Matter . | . . . Retrieved Matter . | . . . Retrieved Components . | . . . Parts Scanalyzed . | . . . Part Schematics Acquired . | . . . Parts Damaged . | . . . Bothacking | -11 -10 -10 ------------ Run | Yrd Mat Sub Used RIF Installer . | . . . Robots Hacked . | . . . Non-combat . | . . . Combat . | . . . Robot Hacks Applied . | . . . Relay Couplers Released . | . . . Fabnet Peak Effective % . | . . . Robots Rewired . | . . . Allies Hacked . | . . . Hacks Repelled . | . . . Allies | -11 -10 -10 -------- Run | Yrd Mat Sub Total Allies . | . . . Largest Group . | . . . Highest-Rated Group . | . . . Highest-Rated Ally . | . . . Total Orders . | . . . Ally Attacks . | . . . Total Damage . | . . . Kills . | . . . Allies Corrupted . | . . . Allies Melted . | . . . Intel | -11 -10 -10 ------- Run | Yrd Mat Sub Active Infowar (turns) 57 | . . 57 Structural 57 | . . 57 Robot Analysis Total . | . . . Derelict Logs Recovered . | . . . Drone Launches . | . . . Drone Recoveries . | . . . Exploration | -11 -10 -10 ------------- Run | Yrd Mat Sub Turns Passed 1561 | 68 1385 108 Spaces Moved 836 | 38 740 58 Core 4 | 4 . . Treads 832 | 34 740 58 Legs . | . . . Wheels . | . . . Hover . | . . . Flight . | . . . Fastest Speed 50 | 50 160 160 Average Speed 159 | 148 160 160 Slowest Speed 160 | 160 160 160 Overloaded Moves . | . . . Propulsion Burnouts . | . . . Robots Hopped . | . . . Potential Cave-ins . | . . . Cave-ins Triggered . | . . . Exploration Rate (%) 35 | 4 95 8 Regions Visited 2 Branch Regions 1 Pre-discovered Areas . | . . . Known Exits Taken . | . . . Unknown Exits Taken 2 | 1 1 . Scrap Searched . | . . . Spaces Dug . | . . . Terrain Destroyed 30 | . 13 17 Melee . | . . . Projectile . | . . . AOE 30 | . 13 17 Terrain Rammed . | . . . Walls Destroyed . | . . . Machines Disabled . | . . . Actions | -11 -10 -10 --------- Run | Yrd Mat Sub Total 966 | 50 851 65 Wait 45 | . 45 . Move 834 | 37 739 58 Hop . | . . . Pick Up 16 | 7 9 . Fast Attach . | . . . Attach 11 | 6 4 1 Detach . | . . . Swap 3 | . 2 1 Drop 1 | . 1 . Fire 51 | . 46 5 Melee . | . . . Ram . | . . . Kick . | . . . Crush 5 | . 5 . Escape Stasis . | . . . Rewire . | . . . Trap . | . . . Miscellaneous . | . . . Route ------- -11/Scrapyard -10/Materials (discovered 6 exits: [*Mat x3] / [*Min x2] / [*Sub]) -10/Subcaves History --------- Turn | Location | Event 11 | -11/Scrapyard | Discovered new exit (range 15) 69 | -11/Scrapyard | Entered Materials 138 | -10/Materials | Discovered new exit (range 10) 297 | -10/Materials | Discovered new exit (range 16) 314 | -10/Materials | Build established: Mutant 601 | -10/Materials | Core integrity fell below 50% 678 | -10/Materials | Discovered new exit (range 13) 866 | -10/Materials | Discovered new exit (range 15) 981 | -10/Materials | Discovered new exit (range 16) 1440 | -10/Materials | Discovered new exit (range 10) 1454 | -10/Materials | Entered Subcaves 1491 | -10/Subcaves | A swath of the cavern ceiling suddenly collapsed 1553 | -10/Subcaves | Core integrity fell below 20% 1562 | -10/Subcaves | Destroyed by CU-Z6I(R) with Subdweller Beam Cannon Last Messages --------------- 01118_ Acquired Ion Engine. 01119_ R-06 Scavenger collects Aluminum Leg. 01119_ Acquired 34 matter. 01119_ K-01 Serf collects debris. 01131_ R-06 Scavenger collects Aluminum Leg. 01134_ K-01 Serf collects debris. 01197_ Acquired 18 matter. 01330_ Acquired Grenade Launcher. 01404_ Slammed into T-07 Excavator. 01440_ EXIT=FOUND LOCATION=UNKNOWN AMBIENT_HEAT=-10 GOAL=ESCAPE A swath of the cavern ceiling suddenly collapses. 01550_ Lgt. Treads destroyed. 01556_ Structural Scanner destroyed. 01558_ Grenade Launcher destroyed. 01558_ Ion Engine destroyed. 01560_ Lgt. Treads destroyed. Map ----- +----------------------------------------------------+ | ?????????????????????????????????????????????? | | ?????????????????????????????????????????????? | | ?????????????????????????????????????????????? | | ?????????????????????????????????????????????? | | ?????????????????????????????????????????????? | | ?????????????????????????????????????????????? | | ?????????????????????????????????????????????? | | ?????????????????????????????????????????????? | | ?????????????????????????????????????????????? | | ?????????????????????????????????????????????? | | ?????????????????????????????????????????????? | | ?????????????????????????????????????????????? | | ?????????????????????????????????????????????? | | ???????????????????????????? " ??????????????? | | ????????????????????????????## ??????????????? | | ?????????????????????????### " ? ????????????? | | ????????????????????######## " ???????????? | | ?????????????????######### "" ???????????? | | ?????????????????####"" # ???????????? | | ?????????????????##" """" ????????????? | | ????????????????### " " ??????????? | | ????????????????### " ???????????? | | ????????????????## " # " # ????????????? | | ????????????????##" R ### ????????????? | | ????????????????##"" R ####??????????????? | | ??????????????####" @ ""##??????????????? | | ?????????????##### ""##??????????????? | | ?????????????### # ""##??????????????? | | ?????????????## "###?????????????? | | ?????????????### ### " ##?????????????? | | ?????????????#### ##### ?????????????? | | ??????????????#### ### ????????????? | | ???????????????### ##### ##??????????? | | ???????????????## ###### ####??????????? | | ???????????????## ###?## ####??????????? | | ?????????????##### ##???? ##????????????? | | ?????????????##### ## ??? #????????????? | | ?????????????## ## ## ####????????#????????? | | ?????????????## ## ###???????? ## ?????? | | ?????????????## ##???????? ?????? | | ?????????????### ######??????? ?????? | | ?????????????### #######?????? ??????? | | ??????????????##### ## ###?????? ??????? | | ??????????????######## ##?????# ??????? | | ?????????????????####### ###???? ??????? | | ????????????????????#### #####??#"##??????? | | ????????????????????## ########""###???? | | ???????????????????### #### ####"######???? | | ???????????????????## ##""## ## # ##???? | | ???????????????????### # ? "# ##???? | +----------------------------------------------------+ Best States ------------- Heat Dissipation 25 Energy Generation 10 Energy Capacity 250 Matter Stores 300 Matter Capacity 300 Sight Range 16 Terrain Scan Density 10 Armor Coverage 150 Evasion (%) 40 Recoil Reduction 2 Item Schematics ----------------- None Robot Schematics ------------------ None Fabricated ------------ Nothing Repaired ---------- Nothing Studied --------- None Alien Tech Used ----------------- None Achievements -------------- None Challenges ------------ None Game ------ Seed LaunchPartitionNanoactuators Manual? 0 Play Time 00:06:11 Cumulative 47.1 hours Start 2025.11.14 @ 12:15:27 End 2025.11.14 @ 12:21:04 Sessions 1 Manual Loads 0 Difficulty Rogue Special Mode None Game No. 130 Rogue 130 Adventurer 0 Explorer 0 Win Type - Total 0 Types 0/0/0/0/0/0/0/0/0/0 Lore% 25 Gallery% 31 Achievement% 25 Wizard Run 0 Options --------- Layout 1 ASCII 0 Keyboard 0 Movement Numpad Keybinds 0 Fullscreen 2 Font 24/Smallcaps Map View 50x35 Zoom Use 0% Tactical HUD 1 Map Filters NONE Filters NONE Steam 1 RUN: 7a195c79-7033-4344-9f89-2d31bf131fa7